cohdb
Replays
Latest Replays
All Replays
Popular Replays
Top Player Replays
Match Explorer
How It Works
Community
CoH3 Stats
Reddit
Sign in to upload your games and track your stats! →
Sign in with Steam
Match 46948027
Unlisted
Match 46948027
Overview
Messages
Build Orders
End
Construct Infanterie Kompanie
Kettenkrad Recon Vehicle
Selects Terror Battlegroup
Selects Machine Gun Camouflage
MG 42 Machine Gun Team
MG 42 Machine Gun Team
GrW 34 Mortar Team
Selects Contempt for the Weak
Construct Luftwaffe Kompanie
Jäger Squad
AI Takeover
RuSiVaN junior 2
Tod und Teufel
NooJ
Marco
TheSaLe7
Animal Whisperer Dude
***Marshall***
五星上将麦克阿瑟
0
0
Comments
sign in to comment!
No comments posted yet!